 Dungeon Crawl Stone Soup version 0.24-a0-378-g94936e539c (webtiles) character file.

Game seed: 11150284841045977058

15258 dogzbolloxs the Martial Artist (level 12, -13/97 HPs)
             Began as an Octopode Monk on June 2, 2019.
             Was a High Priest of Okawaru.
             Mangled by a +6 long sword (17 damage)
             ... on level 12 of the Dungeon.
             The game lasted 00:56:19 (17397 turns).

dogzbolloxs the Martial Artist (Octopode Monk)     Turns: 17397, Time: 00:56:20

Health: -13/97     AC: 10    Str: 14    XL:     12   Next: 25%
Magic:  17/19      EV: 19    Int: 12    God:    Okawaru [*****.]
Gold:   4          SH:  0    Dex: 19    Spells: 9/21 levels left

rFire    x . .     SeeInvis .     - Unarmed
rCold    + + +     Gourm    +   (shield currently unavailable)
rNeg     . . .     Faith    .   (helmet currently unavailable)
rPois    +         Spirit   .   B - amulet of the gourmand
rElec    .         Reflect  .   w - +3 ring of strength
rCorr    .         Harm     .   I - +5 ring of protection
MR       .....                  (no ring)
Stlth    ++++......             (no ring)
HPRegen  0.26/turn              (no ring)
MPRegen  0.16/turn              (no ring)
                                (no ring)
                                (no ring)

@: ice-form, heroism, hasted, very quick
A: large, almost no armour, stealthy swim, amphibious, 8 rings, (constrict 8)
a: End Transformation, Heroism, Finesse, Renounce Religion


You were on level 12 of the Dungeon.
You worshipped Okawaru.
Okawaru was extremely pleased with you.
You were completely stuffed.
You were a creature of crystalline ice.
You visited 2 branches of the dungeon, and saw 14 of its levels.
You also visited: Sewer.

You collected 829 gold pieces.
You spent 825 gold pieces at shops.

Inventory:

Hand Weapons
 m - a +2 dagger of freezing
 u - a +6 dire flail of protection
 E - a +2 short sword of electrocution
Missiles
 l - 24 poisoned darts (quivered)
 x - 27 boomerangs
 D - 6 atropa-tipped darts
 F - 387 arrows
Armour
 j - a +0 shield
Magical Staves
 L - an uncursed staff of poison
Jewellery
 f - an uncursed ring of fire
 w - a +3 ring of strength (left front paw)
 B - an amulet of the gourmand (around neck)
 I - a +5 ring of protection (right front paw)
 O - an uncursed ring of fire
Wands
 s - a wand of scattershot (1)
 y - a wand of flame (19)
 P - a wand of enslavement (13)
Scrolls
 b - 3 scrolls of amnesia
 c - 5 scrolls of remove curse
 h - 3 scrolls of teleportation
 i - a scroll of enchant armour
 k - 3 scrolls of immolation
 n - a scroll of acquirement {unknown}
 o - a scroll of blinking
 J - a scroll of enchant weapon
 K - 4 scrolls of fog
 M - a scroll of holy word
Potions
 d - 2 potions of agility
 e - a potion of lignification
 g - a potion of haste
 p - 4 potions of flight
 q - 4 potions of curing
 t - a potion of cancellation
 z - 2 potions of resistance
 C - a potion of magic
 G - a potion of might
Miscellaneous
 N - a box of beasts
Comestibles
 a - 36 rations
 r - a chunk of flesh


   Skills:
 * Level 7.1(12.1) Fighting
 * Level 7.0(12.0) Dodging
 - Level 4.4(9.4) Stealth
 + Level 12.0(17.0) Unarmed Combat
 - Level 5.0 Spellcasting
 - Level 3.0 Charms
 + Level 6.5 Transmutations
 * Level 2.9 Ice Magic
 - Level 2.2 Air Magic
 - Level 4.6 Poison Magic
 * Level 6.7 Invocations
 - Level 0.4 Evocations


You had 9 spell levels left.
You knew the following spells:

 Your Spells              Type           Power        Failure   Level  Hunger
a - Beastly Appendage     Tmut           ###...       1%          1    None
b - Spider Form           Tmut/Pois      ###.......   6%          3    ###....
c - Sticks to Snakes      Tmut           ###.....     1%          2    ##.....
d - Ice Form              Ice/Tmut       ##......     28%         4    ####...
e - Swiftness             Chrm/Air       #.......     11%         2    ##.....

Your spell library contained the following spells:

 Spells                   Type           Power        Failure   Level  Hunger
 Sting                    Conj/Pois      #...         8%          1    None
 Poisonous Vapours        Pois/Air       ##....       8%          2    ##.....
 Shock                    Conj/Air       #...         13%         1    None
 Pain                     Necr           #...         21%         1    None
 Mephitic Cloud           Conj/Pois/Air  #.......     24%         3    ###....
 Corpse Rot               Necr           N/A          30%         2    ##.....
 Olgreb's Toxic Radiance  Pois           ##......     30%         4    ####...
 Spectral Weapon          Hex/Chrm       #.......     32%         3    ###....
 Static Discharge         Conj/Air       #.......     36%         3    ###....
 Blade Hands              Tmut           ###.......   36%         5    ######.
 Inner Flame              Hex/Fire       #.......     52%         3    ###....
 Summon Guardian Golem    Hex/Summ       #.......     52%         3    ###....
 Airstrike                Air            #.........   63%         4    ####...
 Yara's Violent Unravell  Hex/Tmut       ##........   82%         5    ######.
 Animate Dead             Necr           N/A          89%         4    ####...
 Cause Fear               Hex            #.........   89%         4    ####...
 Fulminant Prism          Conj/Hex       #.........   89%         4    ####...
 Venom Bolt               Conj/Pois      #.........   91%         5    ######.
 Lightning Bolt           Conj/Air       #.........   98%         5    ######.
 Silence                  Hex/Air        #.........   98%         5    ######.
 Deflect Missiles         Chrm/Air       #.........   100%        6    #######
 Discord                  Hex            #.........   100%        8    #######


Dungeon Overview and Level Annotations

Branches:
Dungeon (13/15)            Temple (1/1) D:5            Lair (0/6) D:11
    Orc (0/2) D:10
 Vaults: D:13-14

Altars:
Ashenzari
Dithmenos
Elyvilon
Gozag
Hepliaklqana
Kikubaaqudgha
Okawaru
Ru
Sif Muna
Trog
Vehumet
Wu Jian
Xom
Yredelemnul
The Shining One

Shops:
D:5 (   D:8 (   D:11 =

Annotations:
D:2 exclusion: 2 downstairs
D:7 2 transporters, ohad's ghost, novice OpTm
D:12 exclusion: downstairs


Innate Abilities, Weirdness & Mutations

You cannot wear most types of armour.
You are very stealthy in the water. (Stealth+)
You are amphibious.
You can wear up to eight rings at the same time.
((You can use your tentacles to constrict eight enemies at once.))
((Your skin changes colour to match your surroundings (Stealth+).))
((Your rubbery body absorbs attacks. (AC +1, EV +1)))


Message History

Your base Unarmed Combat skill increases to level 12!
Things that are here:
a +0 whip; a bullfrog corpse The earth elemental completely misses you.
The deep elf mage hits you but does no damage.
The +6 long sword hits you!
* * * LOW HITPOINT WARNING * * *
There is a stone staircase leading up, spattered with blood here.
The deep elf mage gestures wildly while chanting.
The deep elf mage blinks!
The +6 long sword hits you!
* * * LOW HITPOINT WARNING * * *
The earth elemental closely misses you.
You climb upwards.
Level annotation: exclusion: downstairs
There is a stone staircase leading down here.
Okay, then.
Okay, then.
Okay, then.
You feel yourself speed up. The +6 long sword hits you!
You die...

##.# #......# #..#
#......# #.## ###'####
#.# #.## ##.########
#..### #....>....#
##...# #.........#
######'#
#..(......####.......
#...Y.....##.รท.......
#.........##.#.......
#.........##.#.......
#............########
#.........####
#.........#
###########


You could see a +6 long sword.

Vanquished Creatures
  A centaur warrior (D:11)
  A hydra (D:11)
  An unseen horror (D:12)
  4 cyclopes
  A manticore (D:12)
  2 ugly things (D:10)
  A centaur zombie (D:13)
  A kobold demonologist (D:12)
  A troll (D:13)
  3 hippogriffs
  A spriggan (D:7)
  2 shadows
  A wraith (D:13)
  Sigmund (D:4)
  A wyvern (D:13)
  A steam dragon (D:8)
  A hungry ghost (D:10)
  Edmund (D:4)
  Duvessa (D:5)
  A water moccasin (D:12)
  5 porcupines (D:11)
  4 black bears
  4 sky beasts
  2 phantoms
  An eye of draining (D:12)
  6 orc warriors
  2 ice beasts
  10 ogres
  2 crocodiles
  7 big kobolds
  11 centaurs
  4 bullfrogs
  A water moccasin skeleton (D:9)
  4 scorpions
  Dowan (D:5)
  3 electric eels
  2 howler monkeys
  2 crimson imps
  2 bullfrog zombies
  2 jellies
  A quasit (D:12)
  3 bullfrog skeletons
  7 orc priests
  3 centaur skeletons
  9 hounds
  16 orc wizards
  Natasha (D:2)
  5 worker ants
  4 iguanas
  2 killer bee zombies
  A hound zombie (D:5)
  A hound skeleton (D:9)
  Robin (D:2)
  4 gnolls (D:9)
  17 adders
  2 river rats (Sewer)
  4 shadow imps
  A white imp (D:5)
  4 oozes
  An adder skeleton (D:4)
  2 worms
  2 dart slugs
  5 leopard geckos
  57 orcs
  2 ball pythons (D:5)
  4 bats
  11 giant cockroaches
  17 goblins
  15 hobgoblins
  8 jackals
  26 kobolds
  5 quokkas
  6 frilled lizards
  A goblin skeleton (D:5)
  A goblin zombie (D:5)
  A hobgoblin zombie (D:5)
  A leopard gecko skeleton (D:3)
  An orc skeleton (D:5)
  3 orc zombies (D:5)
  A quokka zombie (D:5)
  14 rats
372 creatures vanquished.

Vanquished Creatures (collateral kills)
  A two-headed ogre (D:11)
1 creature vanquished.

Vanquished Creatures (others)
  28 fungi (D:11)
  9 plants (D:11)
37 creatures vanquished.

Grand Total: 410 creatures vanquished

Notes
Turn   | Place    | Note
-------+----------+-------------------------------------------
     0 | D:1      | dogzbolloxs the Octopode Monk began the quest for the Orb.
     0 | D:1      | Reached XP level 1. HP: 16/16 MP: 1/1
   122 | D:1      | Reached XP level 2. HP: 18/21 MP: 2/2
   383 | D:1      | Reached XP level 3. HP: 24/26 MP: 3/3
   906 | D:1      | Found a sacrificial altar of Ru.
  1138 | D:2      | Noticed Natasha
  1146 | D:2      | Killed Natasha
  1146 | D:2      | Reached XP level 4. HP: 21/31 MP: 4/4
  1250 | D:2      | Reached skill level 4 in Unarmed Combat
  1442 | D:2      | Learned a level 1 spell: Beastly Appendage
  1566 | D:2      | Reached XP level 5. HP: 32/36 MP: 3/5
  1646 | D:2      | Found a faded altar of an unknown god.
  2262 | D:3      | Identified the +1 helmet of Cacelin {rF- rC+ rN+}
  2262 | D:3      | Noticed Robin
  2527 | D:2      | Killed Robin
  2578 | D:3      | Reached skill level 1 in Spellcasting
  2772 | D:3      | Found an opulent altar of Gozag.
  2825 | D:3      | Reached skill level 1 in Transmutations
  2825 | D:3      | Reached XP level 6. HP: 38/42 MP: 4/7
  2832 | D:3      | Reached skill level 5 in Unarmed Combat
  2960 | D:3      | You fall into a shaft and drop 2 floors!
  2960 | D:5      | Entered Level 5 of the Dungeon
  3143 | D:5      | Noticed Dowan
  3179 | D:5      | Killed Dowan
  3266 | D:5      | Found Raruhebb's Antique Weapon Boutique.
  3322 | D:5      | Noticed a phantom
  3337 | D:5      | Reached XP level 7. HP: 36/46 MP: 5/9
  3354 | D:5      | Found a glowing golden altar of the Shining One.
  3394 | D:5      | Found a glowing drain.
  3407 | Sewer    | Entered a sewer
  3607 | Sewer    | Learned a level 3 spell: Spider Form
  3973 | Sewer    | Found a white marble altar of Elyvilon.
  4042 | D:5      | Reached skill level 1 in Poison Magic
  4310 | D:4      | Reached skill level 6 in Unarmed Combat
  4371 | D:4      | Noticed Edmund
  4393 | D:4      | Killed Edmund
  4393 | D:4      | Reached XP level 8. HP: 28/54 MP: 9/11
  4677 | D:4      | Noticed Sigmund
  5142 | D:4      | Killed Sigmund
  5142 | D:4      | Reached skill level 7 in Unarmed Combat
  5911 | D:5      | Reached skill level 8 in Unarmed Combat
  5941 | D:5      | Reached XP level 9. HP: 56/58 MP: 12/14
  6066 | D:5      | Noticed Duvessa
  6082 | D:5      | Killed Duvessa
  6158 | D:5      | Found a staircase to the Ecumenical Temple.
  6168 | D:5      | Identified Olakk's Catalogue of Sinister Bewitchment
  6175 | Temple   | Entered the Ecumenical Temple
  6218 | Temple   | Became a worshipper of Warmaster Okawaru
  6218 | Temple   | Reached * piety under Okawaru
  6218 | Temple   | Reached ** piety under Okawaru
  6759 | D:6      | Reached skill level 1 in Invocations
  6790 | D:6      | Learned a level 2 spell: Sticks to Snakes
  7532 | D:6      | Reached skill level 9 in Unarmed Combat
  8252 | D:7      | Found a bloodstained altar of Trog.
  8410 | D:7      | Found a transporter.
  8594 | D:7      | Found a transporter.
  8594 | D:7      | Noticed ohad's ghost (novice OpTm)
  9223 | D:8      | Reached skill level 5 in Transmutations
  9477 | D:8      | Reached XP level 10. HP: 40/64 MP: 12/16
  9743 | D:8      | Found a white marble altar of Elyvilon.
 10233 | D:8      | Found Erezekh's Weapon Shoppe.
 10376 | D:8      | Reached *** piety under Okawaru
 10376 | D:8      | Reached skill level 10 in Unarmed Combat
 10732 | D:9      | Reached skill level 5 in Dodging
 11314 | D:9      | Learned a level 4 spell: Ice Form
 11615 | D:9      | Learned a level 2 spell: Swiftness
 11702 | D:9      | Reached skill level 5 in Fighting
 11825 | D:10     | Entered Level 10 of the Dungeon
 12241 | D:9      | Reached **** piety under Okawaru
 12512 | D:10     | Reached skill level 1 in Air Magic
 12711 | D:10     | Found a staircase to the Orcish Mines.
 12848 | D:10     | Reached skill level 1 in Charms
 13160 | D:11     | Found Atiu's Jewellery Emporium.
 13194 | D:11     | Noticed a two-headed ogre
 13363 | D:11     | Noticed a centaur warrior
 13380 | D:11     | Killed a centaur warrior
 13380 | D:11     | Reached skill level 5 in Invocations
 13380 | D:11     | Reached XP level 11. HP: 33/72 MP: 14/17
 13664 | D:11     | Reached ***** piety under Okawaru
 13874 | D:11     | Noticed an eight-headed hydra
 13879 | D:11     | Noticed a purple ugly thing
 13884 | D:11     | Noticed a purple ugly thing
 13902 | D:10     | Killed a purple ugly thing
 13902 | D:10     | Reached skill level 11 in Unarmed Combat
 14037 | D:10     | Killed a purple ugly thing
 14037 | D:10     | Received a gift from Okawaru
 14410 | D:11     | Killed an eight-headed hydra
 14453 | D:11     | Found a staircase to the Lair.
 15097 | D:11     | Killed a two-headed ogre
 15097 | D:11     | Reached skill level 5 in Spellcasting
 15599 | D:12     | Noticed a cyclops
 15621 | D:12     | Killed a cyclops
 15753 | D:12     | Noticed a cyclops
 15768 | D:12     | Killed a cyclops
 15768 | D:12     | Reached skill level 1 in Ice Magic
 15933 | D:12     | Noticed a cyclops
 15977 | D:12     | Killed a cyclops
 16142 | D:12     | Received a gift from Okawaru
 16205 | D:12     | Found Vutugoc's Gadget Emporium.
 16379 | D:12     | Killed an unseen horror
 16646 | D:12     | Noticed a manticore
 16665 | D:12     | Reached XP level 12. HP: 69/80 MP: 17/19
 16797 | D:11     | Bought a +5 ring of protection for 825 gold pieces
 16911 | D:13     | Noticed a centaur warrior
 17190 | D:13     | Noticed a two-headed ogre
 17190 | D:13     | Noticed a centaur warrior
 17392 | D:13     | Reached skill level 12 in Unarmed Combat
 17395 | D:13     | HP: 3/97 [+6 long sword (12)]
 17397 | D:12     | Mangled by a +6 long sword

Levels and vault maps discovered:
D:1:      dpeg_arrival_subterranean_lakeside_camping, layout_basic,
          minmay_hexomino_r4
D:2:      layout_loops_ring, chequers_ecumenical_altar_grove, uniq_natasha
D:3:      layout_rooms, first_ration, grunt_gozag_statues, uniq_robin
D:4:      layout_rooms, uniq_edmund, uniq_sigmund
D:5:      layout_cave_pods, minmay_temple_entry_offerings, serial_shops,
          nicolae_shop_trees, portal_sewer_entry_d, chequers_jeans,
          nicolae_tso_besieged_by_evil, uniq_duvessa
D:6:      layout_loops_ring, corexii_checkpoint_b
D:7:      layout_basic, gammafunk_ghost_mausoleum, the_bakery, minivault_5,
          trog_ov_bears_minmay
D:8:      layout_loops_corners, elyvilon_altar_5, serial_shops,
          nicolae_shop_trees
D:9:      layout_stronghold, minivault_14
D:10:     layout_irregular_city, david_orc_2
D:11:     layout_big_octagon, due_lair_maze_entry_diamond, serial_shops,
          shop_fountains
D:12:     layout_roguey, serial_shops, kennysheep_mini, drop_trap
D:13:     layout_rooms, erik_vaults_1, uniq_josephine, uniq_rupert
Temple:   regret_index_temple_sigil_plot

Skill      XL: |  1  2  3  4  5  6  7  8  9 10 11 12 |
---------------+-------------------------------------+-----
Stealth        | 3 4 |  4.4
Unarmed Combat | 4 5 6 8 9 10 11 12 | 12.0
Spellcasting   | 1 2 3 4 5 |  5.0
Transmutations | 1 2 3 5 6 |  6.5
Dodging        | 4 5 6 7 |  7.0
Poison Magic   | 2 4 |  4.6
Fighting       | 4 5 6 7 |  7.1
Invocations    | 3 5 6 |  6.7
Air Magic      | 1 2 |  2.2
Charms         | 1 3 |  3.0
Ice Magic      | 2 |  2.9
Evocations     | |  0.4

Action                   |  1- 3 |  4- 6 |  7- 9 | 10-12 || total
-------------------------+-------+-------+-------+-------++-------
Melee: Unarmed           |    82 |   147 |   283 |   470 ||   982
       Constrict         |    21 |    48 |    46 |    26 ||   141
       Tentacles         |    13 |    31 |    47 |    24 ||   115
       Kick              |       |    29 |    46 |    29 ||   104
       Punch             |       |     3 |     8 |     4 ||    15
       Short sword       |       |       |     6 |       ||     6
Throw: Dart              |       |       |     2 |       ||     2
 Cast: Beastly Appendage |       |    25 |    27 |    19 ||    71
       Spider Form       |       |       |    23 |    43 ||    66
       Sticks to Snakes  |       |       |     1 |    11 ||    12
       Ice Form          |       |       |       |     1 ||     1
Invok: Heroism           |       |       |     1 |     3 ||     4
Evoke: Wand              |       |       |       |    11 ||    11
       Box of beasts     |       |       |       |     2 ||     2
  Use: Scroll            |       |       |     2 |    21 ||    23
       Potion            |       |       |       |     3 ||     3
 Stab: Sleeping          |    13 |    12 |    12 |     7 ||    44
       Distracted        |       |     1 |       |     1 ||     2
  Eat: Chunk             |     1 |     8 |    30 |    38 ||    77
       Ration            |       |       |     1 |       ||     1
Armor: Skin              |     5 |     9 |     8 |    14 ||    36
Dodge: Dodged            |    38 |    76 |   185 |   504 ||   803

Table legend:
 A = Non-vault XP
 B = Vault XP
 C = Vault XP percentage of total XP
 D = Non-vault monster count
 E = Vault monster count
 F = Vault count percentage of total count
                 A         B        C        D         E       F
            +---------+---------+-------+---------+---------+-------
      Total |   18333 |    3465 |  15.9 |     302 |      71 |  19.0
            +---------+---------+-------+---------+---------+-------
        D:1 |      59 |      15 |  20.3 |      28 |       9 |  24.3
        D:2 |      89 |      53 |  37.3 |      21 |       3 |  12.5
        D:3 |     247 |      22 |   8.2 |      28 |      11 |  28.2
        D:4 |     484 |     362 |  42.8 |      22 |       2 |   8.3
        D:5 |    1147 |     252 |  18.0 |      30 |      11 |  26.8
        D:6 |     753 |       5 |   0.7 |      22 |       2 |   8.3
        D:7 |     384 |     487 |  55.9 |       7 |       3 |  30.0
        D:8 |    1147 |       0 |   0.0 |      29 |       0 |   0.0
        D:9 |    1464 |       9 |   0.6 |      28 |       3 |   9.7
       D:10 |    2172 |     148 |   6.4 |      21 |       5 |  19.2
       D:11 |    3019 |    1967 |  39.5 |      32 |      11 |  25.6
       D:12 |    5351 |       0 |   0.0 |      26 |       0 |   0.0
       D:13 |    2017 |       0 |   0.0 |       8 |       0 |   0.0
      Sewer |       0 |     145 | 100.0 |       0 |      11 | 100.0
            +---------+---------+-------+---------+---------+-------
